 Dungeon Crawl Stone Soup version 0.22-a0-480-g991dd4b (webtiles) character file.

2214 galech the Fighter (level 9, -13/145 HPs)
             Began as an Ogre Berserker on June 15, 2018.
             Was a High Priest of Trog.
             Mangled by Pikel
             ... wielding a +1 whip of electrocution
              (17 damage)
             ... on level 6 of the Dungeon.
             The game lasted 00:09:49 (7559 turns).

galech the Fighter (Ogre Berserker)                 Turns: 7559, Time: 00:09:49

Health: -13/145    AC:  8    Str: 31    XL:     9   Next: 35%
Magic:  9/9        EV: 12    Int:  8    God:    Trog [*****.]
Gold:   321        SH:  0    Dex:  8    Spells: 8/8 levels left

rFire    . . .     SeeInvis .   a - +0 mace
rCold    . . .     Gourm    .   (no shield)
rNeg     + . .     Faith    +   b - +0 animal skin
rPois    .         Spirit   .   (helmet restricted)
rElec    .         Reflect  .   (no cloak)
rCorr    .         Harm     .   (gloves unavailable)
MR       .....                  (boots unavailable)
Stlth    ..........             k - amulet of faith
HPRegen  0.34/turn              j - ring of positive energy
MPRegen  0.11/turn              p - +5 ring of protection

@: berserking, very quick
A: large, unfitting armour, tough skin 1
a: Berserk, Trog's Hand, Brothers in Arms, Renounce Religion


You were on level 6 of the Dungeon.
You worshipped Trog.
Trog was extremely pleased with you.
You were not hungry.

You visited 1 branch of the dungeon, and saw 6 of its levels.
You also visited: Sewer.

You collected 321 gold pieces.

Inventory:

Hand Weapons
 a - a +0 mace (weapon)
 q - a -1 whip
Armour
 b - a +0 animal skin (worn)
Jewellery
 j - a ring of positive energy (left hand)
 k - an amulet of faith (around neck)
 p - a +5 ring of protection (right hand)
Scrolls
 s - a scroll of fog
 t - a scroll of amnesia {unknown}
 u - 3 scrolls of remove curse
 v - a scroll of noise {unknown}
 w - a scroll of identify {unknown}
 x - a scroll of blinking {unknown}
 y - a scroll of teleportation {unknown}
Potions
 d - 3 potions of heal wounds {unknown}
 e - 5 potions of might {unknown}
 f - 5 potions of flight {unknown}
 g - a potion of invisibility {unknown}
 h - a potion of ambrosia {unknown}
 i - 2 potions of haste {unknown}
 l - 3 potions of berserk rage {unknown}
 m - a potion of cancellation {unknown}
 n - 2 potions of brilliance {unknown}
 o - 9 potions of curing {unknown}
 r - a potion of agility {unknown}
 z - a potion of degeneration {unknown}
Comestibles
 c - 12 rations


   Skills:
 + Level 8.5 Fighting
 + Level 8.0 Maces & Flails
 + Level 6.4 Dodging
 + Level 1.9 Stealth


You had 8 spell levels left.
You didn't know any spells.
Your spell library was empty.

Dungeon Overview and Level Annotations

Branches:
Dungeon (6/15)             Temple (0/1) D:4

Altars:
Makhleb

Annotations:
D:6 Pikel


Innate Abilities, Weirdness & Mutations

You are too large for most types of armour.
You have tough skin. (AC +1)


Message History

Pikel is heavily wounded.
The slave hits you but does no damage. Pikel hits you but does no damage.
You are electrocuted!
* * * LOW HITPOINT WARNING * * *
You sock Pikel!
Pikel is severely wounded.
You barely miss Pikel.
Pikel is severely wounded.
The slave barely misses you. The slave hits you but does no damage.
Pikel hits you but does no damage.
You hit Pikel.
Pikel is severely wounded.
The slave barely misses you. The slave hits you.
* * * LOW HITPOINT WARNING * * *
You barely miss Pikel.
Pikel is severely wounded.
Pikel hits you with a whip of electrocution.
* * * LOW HITPOINT WARNING * * *
You are electrocuted!
You die...

###########################
#.....#.................>..
#.....#....................
#.....'........(.[........>
#.....#..............?.....
#.....#...@p...............
#.....#...Kp...............
##...###..###..##..###.....
#######+####..##..###.l...
#........[.....#......
#.......)......#......
#..............#......
##..<##...##...##.....
######....##...##...#######


You could see Pikel and 2 slaves.

Vanquished Creatures
  Prince Ribbit (D:5)
  2 sky beasts (D:6)
  Purgy (D:4)
  2 slaves (D:6)
  An ice beast (D:5)
  3 ogres
  A centaur (D:5)
  2 big kobolds (Sewer)
  Blork the orc (D:5)
  A bullfrog (D:6)
  3 scorpions
  A water moccasin skeleton (D:4)
  A crimson imp (D:5)
  4 hounds
  An orc priest (D:5)
  A jelly (D:6)
  4 orc wizards
  4 worker ants
  A killer bee zombie (D:5)
  Robin (D:2)
  15 gnolls
  6 adders
  6 river rats (Sewer)
  An ooze (D:3)
  An adder zombie (D:5)
  3 worms
  2 dart slugs (D:1)
  6 leopard geckos
  15 orcs
  9 bats
  6 giant cockroaches
  11 hobgoblins
  3 jackals (D:1)
  3 quokkas
  7 ball pythons
  8 frilled lizards
  A giant cockroach zombie (D:5)
  14 goblins
  22 kobolds
  28 rats
203 creatures vanquished.

Notes
Turn   | Place    | Note
-------+----------+-------------------------------------------
     0 | D:1      | galech the Ogre Berserker began the quest for the Orb.
     0 | D:1      | Reached XP level 1. HP: 24/24 MP: 1/1
   246 | D:1      | Reached XP level 2. HP: 30/32 MP: 2/2
   482 | D:1      | Reached XP level 3. HP: 40/40 MP: 3/3
   737 | D:1      | Reached ** piety under Trog
  1092 | D:2      | Reached XP level 4. HP: 30/49 MP: 4/4
  1368 | D:2      | Found a burning altar of Makhleb.
  1398 | D:2      | Reached skill level 5 in Fighting
  1405 | D:2      | Reached XP level 5. HP: 57/57 MP: 5/5
  1765 | D:2      | Noticed Robin
  1794 | D:2      | Killed Robin
  1839 | D:2      | Reached *** piety under Trog
  2969 | D:3      | Reached XP level 6. HP: 45/66 MP: 6/6
  3258 | D:4      | Found a glowing drain.
  3262 | Sewer    | Entered a sewer
  3284 | Sewer    | Reached **** piety under Trog
  3322 | Sewer    | Reached skill level 5 in Maces & Flails
  3322 | Sewer    | Reached skill level 1 in Stealth
  3715 | Sewer    | Reached XP level 7. HP: 73/75 MP: 7/7
  3778 | Sewer    | Reached ***** piety under Trog
  4173 | D:4      | Noticed Purgy
  4182 | D:4      | Killed Purgy
  4429 | D:4      | Found a staircase to the Ecumenical Temple.
  4779 | D:4      | Reached XP level 8. HP: 84/84 MP: 8/8
  4889 | D:5      | Entered Level 5 of the Dungeon
  4889 | D:5      | Noticed Blork the orc
  4907 | D:5      | Killed Blork the orc
  4907 | D:5      | Reached skill level 5 in Dodging
  5453 | D:5      | Received a gift from Trog
  5978 | D:6      | Noticed Prince Ribbit
  6456 | D:5      | Killed Prince Ribbit
  6456 | D:5      | Reached XP level 9. HP: 32/96 MP: 9/9
  7222 | D:6      | Noticed Pikel
  7559 | D:6      | HP: 4/145 [Pikel/whip of electrocution (4)]
  7559 | D:6      | Mangled by Pikel

Vault maps used:
D:1:      roderic_lyre
D:2:      minmay_wonky_spiral, bloody_makhleb, uniq_robin
D:4:      temple_fountains, gup_sewer_entry_bowl, minmay_box_of_dots, uniq_purgy
D:5:      first_ration, hangedman_decor_points, uniq_blork_the_orc
D:6:      grunt_decor_resistance, uniq_crazy_yiuf_cottage, uniq_prince_ribbit1,
          uniq_pikel
Sewer:    sewer_minmay_treatment

Skill      XL: |  1  2  3  4  5  6  7  8  9 |
---------------+----------------------------+-----
Maces & Flails | 3 4 5 6 7 8 |  8.0
Dodging        | 3 4 5 6 |  6.4
Fighting       | 5 6 7 8 |  8.5
Stealth        | 1 |  1.9

Action                   |  1- 3 |  4- 6 |  7- 9 || total
-------------------------+-------+-------+-------++-------
Melee: Mace              |    79 |   305 |   411 ||   795
Invok: Berserk           |     2 |     4 |     9 ||    15
       Trog's Hand       |       |     1 |     2 ||     3
  Use: Scroll            |       |     4 |       ||     4
 Stab: Distracted        |     1 |       |       ||     1
       Sleeping          |       |     1 |     2 ||     3
  Eat: Chunk             |     2 |    14 |    14 ||    30
       Ration            |       |       |     2 ||     2
Armor: Animal skin       |    28 |   104 |   190 ||   322
Dodge: Dodged            |    41 |   189 |   279 ||   509

Table legend:
 A = Spawn XP
 B = Non-spawn XP
 C = Spawn XP percentage of total XP
 D = Spawn monster count
 E = Non-spawn monster count
 F = Spawn count percentage of total count
 G = Total turns spent on level
                    A         B        C        D         E        F      G
               +---------+---------+-------+---------+---------+-------+---------
         Total |       0 |    3163 |   0.0 |       0 |     201 |   0.0 |  7559
               +---------+---------+-------+---------+---------+-------+---------
           D:1 |       0 |      60 |   0.0 |       0 |      25 |   0.0 |  1039
           D:2 |       0 |     225 |   0.0 |       0 |      48 |   0.0 |  1676
           D:3 |       0 |      85 |   0.0 |       0 |      16 |   0.0 |   483
           D:4 |       0 |     627 |   0.0 |       0 |      25 |   0.0 |   949
           D:5 |       0 |     905 |   0.0 |       0 |      24 |   0.0 |  2210
           D:6 |       0 |     910 |   0.0 |       0 |      15 |   0.0 |   460
         Sewer |       0 |     351 |   0.0 |       0 |      48 |   0.0 |   742
               +---------+---------+-------+---------+---------+-------+---------
